AoeStats
← die trying

Arabia

509736261Analyzed
1v1 RM · 4d ago on Sep 27, 2026· 51m 2s· 2 players
Game mode
Random Map
Map size
Tiny (2 player)
Population
200
Speed
Normal
Resources
Standard
Victory
Conquest
Starting age
Dark Age
Ending age
Imperial Age
RankedLock teamsTeams togetherTeam positionsShared explorationLock speedFull tech treeHidden civsTurbo modeCheats
Victory
Defeat
🇨🇱 Mongols · Chile
1951
+13
🇦🇷 Berbers · Argentina
1884
-13
Rainbowlucho
6:27 Loom
8:57 Feudal Age
11:36 Double-Bit Axe
12:52 Wheelbarrow
13:19 Fletching
17:48 Horse Collar
23:12 Castle Age
21:56 Padded Archer Armor
22:12 Stone Mining
24:02 Bloodlines
23:51 Bodkin Arrow
23:17 Crossbowman
28:53 Ballistics
36:28 Town Watch
38:25 Leather Archer Armor
38:12 Husbandry
38:41 Gold Mining
39:05 Bow Saw
38:56 Heavy Plow
40:32 Guard Tower
43:54 Imperial Age
40:49 Elite Skirmisher
43:45 Thumb Ring
45:00 Bracer
47:41 Ring Archer Armor
46:39 Heavy Camel Rider
46:47 Cavalier
47:09 Elite Genitour
48:58 Chemistry
48:36 Light Cavalry
49:22 Scale Barding Armor
50:22 Chain Barding Armor
51:38 Plate Barding Armor
51:37 Forging
die trying
4:47 Loom
7:33 Feudal Age
7:40 Man-at-Arms
11:02 Double-Bit Axe
13:52 Fletching
16:41 Horse Collar
17:29 Padded Archer Armor
19:27 Wheelbarrow
22:25 Castle Age
21:48 Gold Mining
22:29 Crossbowman
23:04 Bodkin Arrow
24:39 Ballistics
25:05 Bow Saw
26:05 Leather Archer Armor
26:25 Thumb Ring
28:51 Elite Skirmisher
31:57 Town Watch
36:39 Imperial Age
35:27 Husbandry
35:40 Bloodlines
36:39 Husbandry
39:25 Chemistry
38:29 Bracer
39:43 Conscription
38:58 Light Cavalry
41:08 Scale Barding Armor
42:31 Chain Barding Armor
42:22 Forging
42:06 Hussar
43:54 Arbalester
45:10 Heavy Cavalry Archer
46:16 Parthian Tactics
45:18 Elite Mangudai
46:05 Heavy Plow
46:38 Stone Mining
49:07 Heavy Camel Rider
50:55 Siege Engineers
51:01 Masonry
Connection lost

Rejoining the realm…

Still unreachable

The connection could not be restored.

Session expired

The server has moved on; the page needs a fresh start.